[ AOE2 MATCH · #495568061 ]
UnrankedKhmer vs Goths
[ REPLAY ANALYSIS · EXTRACTED FROM THE RECORDED GAME ]
Feudal
11:47
Castle
14:52
Imperial
36:20
| APM avg | 16.6 |
| APM peak | 53 |
| eAPM avg | 13.4 |
| Villagers / military | 195 / 160 |
Focus
⚔️ 24.7% · 🌾 75.3%
Spearman ×76 · Ballista Elephant ×61 · Battle Elephant ×23
Feudal
11:26
Castle
15:53
Imperial
34:16
| APM avg | 17.8 |
| APM peak | 56 |
| eAPM avg | 13.3 |
| Villagers / military | 124 / 306 |
Focus
⚔️ 28.8% · 🌾 71.2%
Huskarl ×298 · Mangonel ×6 · Petard ×2
Feudal
11:43
Castle
16:25
Imperial
37:42
| APM avg | 33.8 |
| APM peak | 112 |
| eAPM avg | 14.9 |
| Villagers / military | 145 / 107 |
Focus
⚔️ 24.7% · 🌾 75.3%
Mangudai ×107
Feudal
10:57
Castle
15:07
Imperial
30:32
| APM avg | 24.3 |
| APM peak | 63 |
| eAPM avg | 16.8 |
| Villagers / military | 170 / 305 |
Focus
⚔️ 25.0% · 🌾 75.0%
Serjeant ×268 · Spearman ×30 · Trebuchet (Packed) ×7
Feudal
10:58
Castle
14:57
Imperial
29:27
| APM avg | 36.7 |
| APM peak | 76 |
| eAPM avg | 22.6 |
| Villagers / military | 289 / 221 |
Focus
⚔️ 28.3% · 🌾 71.7%
Longbowman ×212 · Trebuchet (Packed) ×5 · Mangonel ×3 · Battering Ram ×1
Feudal
10:08
Castle
13:45
Imperial
34:37
| APM avg | 39.8 |
| APM peak | 90 |
| eAPM avg | 27.9 |
| Villagers / military | 97 / 208 |
Focus
⚔️ 54.5% · 🌾 45.5%
Skirmisher ×126 · Warrior Priest ×67 · Battering Ram ×7 · Trebuchet (Packed) ×6 · Monk ×1 · Archer ×1
Feudal
11:10
Castle
15:43
Imperial
39:25
| APM avg | 34.6 |
| APM peak | 86 |
| eAPM avg | 17.6 |
| Villagers / military | 143 / 167 |
Focus
⚔️ 36.6% · 🌾 63.4%
Knight ×127 · Scout Cavalry ×30 · Battering Ram ×7 · Trebuchet (Packed) ×2 · Monk ×1
Feudal
11:24
Castle
14:59
Imperial
34:13
| APM avg | 92.1 |
| APM peak | 190 |
| eAPM avg | 60.0 |
| Villagers / military | 201 / 164 |
Focus
⚔️ 67.9% · 🌾 32.1%
Hand Cannoneer ×89 · Spearman ×45 · Bombard Cannon ×18 · Monk ×12
Match map
Initial resources + every placement click. Lines = walls · curves = elevation contours. ◆ gold · ⬟ stone · ● berries · ✦ relic · ◌ wall gap
Your base· ✓ Closed at 14:52 · 0t walls · 2 gate(s)
lsh2911's base· ✓ Closed at 15:53 · 0t walls · 2 gate(s)
FAILEDFEMBOY's base· ✓ Closed at 16:25 · 0t walls · 3 gate(s)
Shisui's base· ✓ Closed at 15:07 · 0t walls · 3 gate(s)
Vpnenjoyer's base· ✓ Closed at 14:57 · 0t walls · 2 gate(s)
Egbert's base· ✓ Closed at 13:45 · 0t walls · 3 gate(s)
差不多先生's base· ✓ Closed at 15:43 · 3t walls · 5 gate(s)
VIT | Hera's base· ✓ Closed at 14:59 · 0t walls · 3 gate(s)
Smoothed initial terrain · ◌ = detected wall gap · hover for details
Inputs per minute
— noloomregret - - lsh2911
Build order — noloomregret
First 150 of 396 actions detected
| 0:01 | Create | Villager (Male) |
| 0:01 | Create | Villager (Male) |
| 0:09 | Build | House |
| 0:10 | Build | House |
| 0:23 | Create | Villager (Male) |
| 0:24 | Create | Villager (Male) |
| 1:35 | Create | Villager (Male) |
| 2:06 | Create | Villager (Male) |
| 2:07 | Create | Villager (Male) |
| 2:47 | Build | Lumber Camp |
| 2:52 | Create | Villager (Male) |
| 2:57 | Create | Villager (Male) |
| 2:57 | Create | Villager (Male) |
| 2:57 | Create | Villager (Male) |
| 3:33 | Build | House |
| 3:35 | Build | House |
| 3:38 | Create | Villager (Male) |
| 3:38 | Create | Villager (Male) |
| 4:11 | Create | Villager (Male) |
| 4:11 | Create | Villager (Male) |
| 5:12 | Create | Villager (Male) |
| 5:26 | Build | Mill |
| 5:36 | Create | Villager (Male) |
| 5:37 | Create | Villager (Male) |
| 5:47 | Create | Villager (Male) |
| 5:48 | Create | Villager (Male) |
| 6:00 | Build | Mill |
| 6:26 | Create | Villager (Male) |
| 6:26 | Create | Villager (Male) |
| 6:42 | Create | Villager (Male) |
| 7:07 | Create | Villager (Male) |
| 7:14 | Create | Villager (Male) |
| 7:15 | Create | Villager (Male) |
| 8:13 | Create | Villager (Male) |
| 8:14 | Create | Villager (Male) |
| 8:56 | Create | Villager (Male) |
| 8:56 | Create | Villager (Male) |
| 9:20 | Build | House |
| 9:25 | Research | Feudal Age |
| 9:35 | Build | House |
| 9:47 | Build | Mining Camp |
| 9:54 | Create | Villager (Male) |
| 9:54 | Create | Villager (Male) |
| 10:11 | Build | Farm |
| 10:12 | Build | Farm |
| 10:18 | Build | Farm |
| 11:47 | Age | Feudal Age |
| 11:59 | Research | Castle Age |
| 13:08 | Build | Farm |
| 13:08 | Build | Farm |
| 13:09 | Build | Farm |
| 13:45 | Create | Villager (Male) |
| 13:46 | Create | Villager (Male) |
| 14:52 | Age | Castle Age |
| 14:57 | Build | Town Center |
| 15:11 | Build | Town Center |
| 15:21 | Build | Town Center |
| 15:34 | Create | Villager (Male) |
| 15:34 | Create | Villager (Male) |
| 15:38 | Research | Double-Bit Axe |
| 15:51 | Create | Villager (Male) |
| 16:03 | Research | Horse Collar |
| 16:09 | Build | Farm |
| 16:15 | Build | House |
| 16:18 | Build | House |
| 16:28 | Create | Villager (Male) ×5 |
| 16:34 | Build | Farm |
| 16:34 | Build | Farm |
| 16:34 | Build | Farm |
| 16:35 | Build | Farm |
| 16:35 | Build | Farm |
| 16:35 | Build | Farm |
| 16:35 | Build | Farm |
| 16:36 | Build | Farm |
| 16:36 | Build | Farm |
| 16:36 | Build | Farm |
| 16:36 | Build | Farm |
| 16:36 | Build | Farm |
| 16:37 | Build | Farm |
| 16:46 | Build | Farm |
| 16:54 | Create | Villager (Male) ×3 |
| 16:54 | Create | Villager (Male) ×3 |
| 17:03 | Build | Farm |
| 17:03 | Build | Farm |
| 17:03 | Build | Farm |
| 17:06 | Build | Farm |
| 17:06 | Build | Farm |
| 17:06 | Build | Farm |
| 17:21 | Build | Farm |
| 17:21 | Build | Farm |
| 17:22 | Build | Farm |
| 17:23 | Build | Farm |
| 17:30 | Build | Farm |
| 17:32 | Create | Villager (Male) |
| 17:41 | Build | House |
| 17:47 | Create | Villager (Male) |
| 17:48 | Create | Villager (Male) |
| 17:54 | Build | Farm |
| 17:54 | Build | Farm |
| 18:03 | Build | Farm |
| 18:15 | Create | Villager (Male) ×3 |
| 18:23 | Build | House |
| 18:30 | Build | House |
| 18:31 | Build | House |
| 18:33 | Create | Villager (Male) ×2 |
| 18:43 | Create | Villager (Male) |
| 18:43 | Create | Villager (Male) |
| 18:46 | Build | Farm |
| 18:47 | Build | Farm |
| 18:47 | Build | Farm |
| 18:47 | Build | Farm |
| 18:47 | Build | Farm |
| 19:01 | Create | Villager (Male) |
| 19:01 | Create | Villager (Male) |
| 19:12 | Build | Farm |
| 19:12 | Build | Farm |
| 19:12 | Build | Farm |
| 19:13 | Build | Farm |
| 19:19 | Create | Villager (Male) ×2 |
| 19:19 | Create | Villager (Male) ×2 |
| 19:36 | Build | Farm |
| 19:41 | Build | Farm |
| 19:53 | Create | Villager (Male) ×4 |
| 19:59 | Build | House |
| 20:01 | Build | House |
| 20:03 | Create | Villager (Male) ×2 |
| 20:12 | Build | Farm |
| 20:23 | Create | Villager (Male) ×3 |
| 20:33 | Research | Heavy Plow |
| 20:39 | Create | Villager (Male) |
| 20:50 | Research | Stone Mining |
| 20:57 | Create | Villager (Male) |
| 21:01 | Build | Farm |
| 21:01 | Build | Farm |
| 21:01 | Build | Farm |
| 21:19 | Build | Lumber Camp |
| 21:21 | Create | Villager (Male) ×4 |
| 21:25 | Build | House |
| 21:27 | Build | House |
| 21:29 | Build | House |
| 21:31 | Create | Villager (Male) ×2 |
| 21:45 | Create | Villager (Male) ×3 |
| 21:54 | Create | Villager (Male) ×2 |
| 22:04 | Build | Farm |
| 22:04 | Build | Farm |
| 22:04 | Build | Farm |
| 22:05 | Build | Farm |
| 22:08 | Create | Villager (Male) ×2 |
| 22:19 | Research | Gold Mining |
| 22:41 | Build | Blacksmith |
Build order — lsh2911
First 150 of 343 actions detected
| 0:01 | Create | Villager (Male) ×4 |
| 0:02 | Create | Villager (Male) ×4 |
| 0:11 | Build | House |
| 0:13 | Build | House |
| 1:35 | Create | Villager (Male) |
| 1:53 | Build | Lumber Camp |
| 1:57 | Create | Villager (Male) |
| 2:27 | Create | Villager (Male) |
| 2:27 | Create | Villager (Male) |
| 2:58 | Create | Villager (Male) |
| 2:58 | Create | Villager (Male) |
| 3:24 | Create | Villager (Male) |
| 3:31 | Build | House |
| 3:35 | Build | House |
| 3:38 | Build | House |
| 3:44 | Create | Villager (Male) |
| 4:13 | Create | Villager (Male) |
| 4:35 | Create | Villager (Male) |
| 4:50 | Create | Villager (Male) |
| 5:09 | Create | Villager (Male) |
| 5:42 | Create | Villager (Male) |
| 5:42 | Create | Villager (Male) |
| 6:06 | Build | Mill |
| 6:10 | Create | Villager (Male) |
| 6:19 | Create | Villager (Male) |
| 6:19 | Create | Villager (Male) |
| 6:58 | Create | Villager (Male) |
| 7:19 | Create | Villager (Male) ×2 |
| 7:46 | Create | Villager (Male) |
| 8:31 | Build | Mining Camp |
| 8:40 | Research | Feudal Age |
| 8:48 | Create | Villager (Male) |
| 8:51 | Research | Feudal Age |
| 9:05 | Build | Farm |
| 9:05 | Build | Farm |
| 9:06 | Build | Farm |
| 9:07 | Build | Farm |
| 9:09 | Build | Farm |
| 9:22 | Build | Mining Camp |
| 9:36 | Build | Farm |
| 9:59 | Build | Farm |
| 10:32 | Create | Villager (Male) |
| 10:33 | Create | Villager (Male) |
| 10:33 | Create | Villager (Male) |
| 11:02 | Create | Villager (Male) |
| 11:26 | Age | Feudal Age |
| 11:32 | Build | Blacksmith |
| 12:20 | Build | Market |
| 13:13 | Research | Castle Age |
| 13:13 | Research | Castle Age |
| 13:59 | Build | House |
| 14:03 | Research | Double-Bit Axe |
| 15:29 | Create | Villager (Male) |
| 15:29 | Create | Villager (Male) |
| 15:30 | Create | Villager (Male) |
| 15:30 | Create | Villager (Male) |
| 15:53 | Age | Castle Age |
| 16:06 | Research | Scale Mail Armor |
| 16:08 | Research | Forging |
| 16:15 | Build | Castle |
| 16:27 | Build | Farm |
| 16:28 | Build | Farm |
| 16:28 | Build | Farm |
| 16:52 | Create | Villager (Male) |
| 16:53 | Create | Villager (Male) |
| 17:41 | Build | Mill |
| 17:46 | Create | Huskarl ×4 |
| 17:51 | Create | Villager (Male) |
| 18:16 | Create | Huskarl |
| 18:28 | Create | Villager (Male) |
| 18:38 | Build | Farm |
| 18:39 | Build | Farm |
| 18:39 | Build | Farm |
| 18:39 | Build | Farm |
| 18:39 | Build | Farm |
| 18:46 | Build | Farm |
| 19:00 | Build | Farm |
| 19:08 | Create | Huskarl |
| 19:08 | Create | Huskarl |
| 19:08 | Create | Huskarl |
| 19:09 | Create | Huskarl |
| 19:14 | Create | Villager (Male) |
| 19:14 | Create | Villager (Male) |
| 19:18 | Create | Villager (Male) |
| 19:41 | Create | Huskarl |
| 19:43 | Create | Villager (Male) |
| 19:47 | Create | Huskarl |
| 19:59 | Build | Farm |
| 20:04 | Create | Petard |
| 20:05 | Create | Petard |
| 20:17 | Create | Huskarl |
| 20:18 | Create | Huskarl |
| 20:21 | Build | Farm |
| 20:25 | Research | Wheelbarrow |
| 21:07 | Build | House |
| 21:16 | Research | Chain Mail Armor |
| 21:18 | Research | Iron Casting |
| 21:22 | Create | Huskarl |
| 21:22 | Create | Huskarl |
| 21:44 | Create | Huskarl ×4 |
| 21:56 | Create | Villager (Male) |
| 22:26 | Create | Huskarl |
| 22:26 | Create | Huskarl |
| 22:46 | Build | Town Center |
| 22:48 | Create | Villager (Male) |
| 22:48 | Create | Villager (Male) |
| 22:48 | Create | Villager (Male) |
| 22:54 | Build | House |
| 22:54 | Build | House |
| 22:55 | Build | House |
| 23:08 | Create | Huskarl ×5 |
| 23:48 | Create | Huskarl ×3 |
| 24:01 | Create | Villager (Male) ×2 |
| 24:05 | Build | Farm |
| 24:06 | Build | Farm |
| 24:06 | Build | Farm |
| 24:06 | Build | Farm |
| 24:06 | Build | Farm |
| 24:06 | Build | Farm |
| 24:07 | Build | Farm |
| 24:07 | Build | Farm |
| 24:55 | Create | Huskarl ×5 |
| 25:20 | Create | Villager (Male) ×4 |
| 25:58 | Create | Villager (Male) ×5 |
| 26:35 | Build | Town Center |
| 26:37 | Create | Villager (Male) ×5 |
| 27:30 | Build | Farm |
| 27:30 | Build | Farm |
| 27:30 | Build | Farm |
| 27:30 | Build | Farm |
| 27:33 | Create | Villager (Male) ×5 |
| 27:45 | Build | Siege Workshop |
| 28:20 | Create | Villager (Male) ×5 |
| 28:22 | Create | Mangonel |
| 28:35 | Build | Farm |
| 28:53 | Create | Villager (Male) |
| 28:53 | Create | Villager (Male) |
| 28:57 | Research | Horse Collar |
| 29:31 | Build | Lumber Camp |
| 29:36 | Build | Lumber Camp |
| 29:38 | Research | Bow Saw |
| 29:41 | Create | Villager (Male) ×5 |
| 30:07 | Build | House |
| 30:08 | Build | House |
| 30:10 | Build | House |
| 30:11 | Build | House |
| 30:12 | Build | House |
| 30:16 | Create | Villager (Male) ×5 |
| 30:19 | Create | Huskarl ×5 |
| 30:20 | Create | Huskarl ×5 |
Build order — FAILEDFEMBOY
First 150 of 370 actions detected
| 0:02 | Create | Villager (Male) |
| 0:02 | Create | Villager (Male) |
| 0:02 | Create | Villager (Male) |
| 0:02 | Create | Villager (Male) |
| 0:03 | Create | Villager (Male) |
| 0:05 | Build | House |
| 0:08 | Build | House |
| 1:36 | Create | Villager (Male) |
| 1:36 | Create | Villager (Male) |
| 1:49 | Build | Lumber Camp |
| 2:07 | Create | Villager (Male) |
| 2:43 | Create | Villager (Male) |
| 2:43 | Create | Villager (Male) |
| 3:14 | Create | Villager (Male) |
| 3:14 | Create | Villager (Male) |
| 3:14 | Create | Villager (Male) |
| 3:44 | Build | House |
| 3:45 | Build | House |
| 3:47 | Build | House |
| 3:49 | Create | Villager (Male) |
| 3:49 | Create | Villager (Male) |
| 4:13 | Create | Villager (Male) |
| 4:13 | Create | Villager (Male) |
| 4:39 | Create | Villager (Male) |
| 4:39 | Create | Villager (Male) |
| 4:53 | Create | Villager (Male) |
| 4:53 | Create | Villager (Male) |
| 5:20 | Create | Villager (Male) |
| 5:21 | Create | Villager (Male) |
| 5:21 | Create | Villager (Male) |
| 5:34 | Build | Mill |
| 5:36 | Create | Villager (Male) |
| 5:37 | Create | Villager (Male) |
| 6:09 | Create | Villager (Male) |
| 6:09 | Create | Villager (Male) |
| 6:22 | Create | Villager (Male) |
| 6:22 | Create | Villager (Male) |
| 6:39 | Create | Villager (Male) |
| 6:39 | Create | Villager (Male) |
| 6:58 | Create | Villager (Male) |
| 6:58 | Create | Villager (Male) |
| 7:12 | Create | Villager (Male) |
| 7:12 | Create | Villager (Male) |
| 7:48 | Build | Mining Camp |
| 8:22 | Create | Villager (Male) |
| 9:33 | Research | Feudal Age |
| 9:40 | Build | Mill |
| 9:44 | Create | Villager (Male) |
| 9:44 | Create | Villager (Male) |
| 9:46 | Research | Loom |
| 11:43 | Age | Feudal Age |
| 12:06 | Build | Market |
| 12:20 | Build | Farm |
| 12:20 | Build | Farm |
| 12:21 | Build | Farm |
| 12:21 | Build | Farm |
| 12:21 | Build | Farm |
| 12:21 | Build | Farm |
| 12:21 | Build | Farm |
| 13:13 | Build | Blacksmith |
| 13:45 | Research | Castle Age |
| 15:07 | Research | Double-Bit Axe |
| 15:08 | Research | Horse Collar |
| 15:11 | Research | Wheelbarrow |
| 16:25 | Age | Castle Age |
| 17:01 | Build | Town Center |
| 17:09 | Build | Town Center |
| 17:11 | Research | Heavy Plow |
| 17:13 | Research | Bow Saw |
| 17:35 | Create | Villager (Male) |
| 17:35 | Create | Villager (Male) |
| 17:42 | Research | Hand Cart |
| 18:13 | Build | Mining Camp |
| 18:16 | Create | Villager (Male) |
| 18:16 | Create | Villager (Male) |
| 18:16 | Create | Villager (Male) |
| 18:58 | Create | Villager (Male) |
| 18:58 | Create | Villager (Male) |
| 19:00 | Create | Villager (Male) |
| 19:05 | Create | Villager (Male) |
| 19:06 | Create | Villager (Male) |
| 19:24 | Build | House |
| 19:25 | Build | House |
| 19:29 | Build | Farm |
| 19:30 | Create | Villager (Male) |
| 19:52 | Create | Villager (Male) |
| 20:01 | Create | Villager (Male) |
| 20:02 | Create | Villager (Male) |
| 20:17 | Build | Farm |
| 20:17 | Build | Farm |
| 20:28 | Create | Villager (Male) |
| 20:29 | Create | Villager (Male) |
| 20:39 | Build | Mill |
| 20:47 | Build | House |
| 20:55 | Build | Mining Camp |
| 20:57 | Research | Gold Mining |
| 21:01 | Create | Villager (Male) |
| 21:01 | Create | Villager (Male) |
| 21:16 | Build | House |
| 21:20 | Build | Farm |
| 21:20 | Build | Farm |
| 21:20 | Build | Farm |
| 21:21 | Build | Farm |
| 21:21 | Build | Farm |
| 21:21 | Build | Farm |
| 21:27 | Build | Farm |
| 21:29 | Create | Villager (Male) |
| 21:30 | Create | Villager (Male) |
| 21:30 | Create | Villager (Male) |
| 21:35 | Create | Villager (Male) |
| 21:38 | Create | Villager (Male) |
| 21:42 | Create | Villager (Male) |
| 22:37 | Create | Villager (Male) |
| 22:37 | Create | Villager (Male) |
| 22:37 | Create | Villager (Male) |
| 22:37 | Create | Villager (Male) |
| 22:37 | Create | Villager (Male) |
| 22:38 | Create | Villager (Male) |
| 22:38 | Create | Villager (Male) |
| 22:38 | Create | Villager (Male) |
| 22:54 | Build | House |
| 22:57 | Build | Barracks |
| 23:22 | Build | Stone Wall |
| 23:32 | Build | Farm |
| 23:32 | Build | Farm |
| 23:32 | Build | Farm |
| 23:44 | Create | Villager (Male) |
| 23:45 | Create | Villager (Male) |
| 23:45 | Create | Villager (Male) |
| 24:12 | Build | House |
| 24:24 | Build | Farm |
| 24:24 | Build | Farm |
| 24:32 | Build | House |
| 24:33 | Build | House |
| 24:34 | Build | House |
| 24:51 | Create | Villager (Male) |
| 24:52 | Create | Villager (Male) |
| 24:52 | Create | Villager (Male) |
| 25:31 | Create | Villager (Male) |
| 25:31 | Create | Villager (Male) |
| 25:31 | Create | Villager (Male) |
| 25:33 | Create | Villager (Male) |
| 25:33 | Create | Villager (Male) |
| 25:52 | Build | House |
| 26:23 | Build | House |
| 26:26 | Build | House |
| 26:34 | Create | Villager (Male) |
| 26:35 | Create | Villager (Male) |
| 26:35 | Create | Villager (Male) |
| 27:12 | Build | Farm |
Build order — Shisui
First 150 of 489 actions detected
| 0:06 | Create | Villager (Male) |
| 0:06 | Create | Villager (Male) |
| 0:06 | Create | Villager (Male) |
| 0:07 | Create | Villager (Male) |
| 0:09 | Build | House |
| 0:12 | Build | House |
| 1:49 | Create | Villager (Male) |
| 1:49 | Create | Villager (Male) |
| 2:08 | Create | Villager (Male) |
| 2:08 | Create | Villager (Male) |
| 2:34 | Build | Lumber Camp |
| 2:41 | Create | Villager (Male) |
| 2:41 | Create | Villager (Male) |
| 3:01 | Create | Villager (Male) |
| 3:01 | Create | Villager (Male) |
| 3:02 | Create | Villager (Male) |
| 3:32 | Create | Villager (Male) |
| 3:32 | Create | Villager (Male) |
| 4:08 | Build | House |
| 4:12 | Build | House |
| 4:15 | Build | House |
| 4:51 | Create | Villager (Male) |
| 4:51 | Create | Villager (Male) |
| 4:51 | Create | Villager (Male) |
| 5:31 | Create | Villager (Male) |
| 5:50 | Build | Mill |
| 6:17 | Create | Villager (Male) |
| 6:17 | Create | Villager (Male) |
| 6:37 | Build | Farm |
| 6:37 | Build | Farm |
| 6:38 | Build | Farm |
| 6:48 | Build | Farm |
| 6:54 | Create | Villager (Male) |
| 6:54 | Create | Villager (Male) |
| 6:55 | Create | Villager (Male) |
| 7:46 | Build | Mill |
| 8:47 | Research | Feudal Age |
| 10:57 | Age | Feudal Age |
| 10:59 | Create | Villager (Male) |
| 10:59 | Create | Villager (Male) |
| 11:05 | Build | Market |
| 11:09 | Build | Blacksmith |
| 11:47 | Create | Villager (Male) |
| 12:27 | Research | Castle Age |
| 12:47 | Research | Double-Bit Axe |
| 13:23 | Create | Villager (Male) |
| 13:23 | Create | Villager (Male) |
| 13:38 | Research | Horse Collar |
| 14:00 | Create | Villager (Male) |
| 14:35 | Build | House |
| 15:07 | Age | Castle Age |
| 15:10 | Create | Villager (Male) |
| 15:24 | Build | Town Center |
| 15:31 | Build | Town Center |
| 15:37 | Build | Town Center |
| 15:45 | Research | Bow Saw |
| 15:59 | Create | Villager (Male) |
| 16:17 | Create | Villager (Male) |
| 16:25 | Build | Farm |
| 16:25 | Build | Farm |
| 16:26 | Build | Farm |
| 16:36 | Create | Villager (Male) |
| 16:40 | Build | Farm |
| 16:48 | Build | Farm |
| 16:57 | Create | Villager (Male) |
| 16:57 | Create | Villager (Male) |
| 17:05 | Build | Farm |
| 17:14 | Build | Farm |
| 17:20 | Create | Villager (Male) |
| 17:26 | Build | Farm |
| 17:35 | Create | Villager (Male) |
| 17:35 | Create | Villager (Male) |
| 17:43 | Build | Farm |
| 17:44 | Create | Villager (Male) |
| 17:45 | Create | Villager (Male) |
| 17:50 | Build | Farm |
| 18:01 | Create | Villager (Male) |
| 18:01 | Create | Villager (Male) |
| 18:18 | Create | Villager (Male) |
| 18:18 | Create | Villager (Male) |
| 18:22 | Build | Farm |
| 18:26 | Build | Farm |
| 18:26 | Build | Farm |
| 18:26 | Build | Farm |
| 18:26 | Build | Farm |
| 18:27 | Build | Farm |
| 18:28 | Create | Villager (Male) |
| 18:28 | Create | Villager (Male) |
| 18:35 | Create | Villager (Male) |
| 18:35 | Create | Villager (Male) |
| 18:57 | Build | Farm |
| 19:02 | Create | Villager (Male) |
| 19:02 | Create | Villager (Male) |
| 19:03 | Create | Villager (Male) |
| 19:03 | Create | Villager (Male) |
| 19:17 | Build | Town Center |
| 19:18 | Create | Villager (Male) |
| 19:18 | Create | Villager (Male) |
| 19:44 | Build | Farm |
| 19:48 | Create | Villager (Male) |
| 19:48 | Create | Villager (Male) |
| 19:48 | Create | Villager (Male) |
| 19:49 | Create | Villager (Male) |
| 19:59 | Create | Villager (Male) |
| 19:59 | Create | Villager (Male) |
| 20:02 | Build | Farm |
| 20:02 | Build | Farm |
| 20:02 | Build | Farm |
| 20:07 | Build | Farm |
| 20:08 | Build | Farm |
| 20:08 | Build | Farm |
| 20:08 | Build | Farm |
| 20:13 | Create | Villager (Male) |
| 20:14 | Create | Villager (Male) |
| 20:15 | Create | Villager (Male) |
| 20:15 | Create | Villager (Male) |
| 20:32 | Create | Villager (Male) |
| 20:32 | Create | Villager (Male) |
| 20:37 | Build | Farm |
| 20:47 | Build | House |
| 20:48 | Build | House |
| 20:49 | Build | House |
| 20:51 | Build | House |
| 20:53 | Create | Villager (Male) |
| 20:53 | Create | Villager (Male) |
| 21:00 | Create | Villager (Male) |
| 21:01 | Create | Villager (Male) |
| 21:01 | Create | Villager (Male) |
| 21:07 | Build | Farm |
| 21:10 | Create | Villager (Male) |
| 21:10 | Create | Villager (Male) |
| 21:30 | Build | Farm |
| 21:30 | Create | Villager (Male) |
| 21:31 | Create | Villager (Male) |
| 21:31 | Create | Villager (Male) |
| 21:31 | Create | Villager (Male) |
| 21:31 | Create | Villager (Male) |
| 22:18 | Create | Villager (Male) |
| 22:18 | Create | Villager (Male) |
| 22:18 | Create | Villager (Male) |
| 22:19 | Create | Villager (Male) |
| 22:19 | Create | Villager (Male) |
| 22:22 | Create | Villager (Male) |
| 22:22 | Create | Villager (Male) |
| 22:23 | Create | Villager (Male) |
| 22:23 | Create | Villager (Male) |
| 22:26 | Create | Villager (Male) |
| 22:26 | Create | Villager (Male) |
| 22:32 | Build | House |
| 22:32 | Build | House |
Build order — Vpnenjoyer
First 150 of 372 actions detected
| 0:01 | Create | Villager (Male) |
| 0:02 | Create | Villager (Male) |
| 0:04 | Build | House |
| 0:05 | Build | House |
| 0:12 | Create | Villager (Male) |
| 0:20 | Create | Villager (Male) |
| 1:19 | Create | Villager (Male) |
| 1:44 | Create | Villager (Male) |
| 1:48 | Build | Lumber Camp |
| 2:07 | Create | Villager (Male) |
| 2:54 | Create | Villager (Male) |
| 3:01 | Build | House |
| 3:08 | Create | Villager (Male) |
| 3:14 | Create | Villager (Male) |
| 3:32 | Build | House |
| 3:45 | Create | Villager (Male) |
| 4:09 | Create | Villager (Male) |
| 4:48 | Create | Villager (Male) |
| 5:04 | Create | Villager (Male) |
| 5:14 | Create | Villager (Male) |
| 5:26 | Build | Mill |
| 5:37 | Create | Villager (Male) |
| 6:38 | Build | Mill |
| 6:40 | Create | Villager (Male) |
| 6:42 | Create | Villager (Male) |
| 7:19 | Create | Villager (Male) |
| 7:46 | Create | Villager (Male) |
| 8:00 | Build | Mining Camp |
| 8:16 | Create | Villager (Male) |
| 8:26 | Research | Feudal Age |
| 8:27 | Research | Feudal Age |
| 8:48 | Build | Farm |
| 8:53 | Build | Farm |
| 10:04 | Build | Farm |
| 10:05 | Build | Farm |
| 10:41 | Build | House |
| 10:48 | Create | Villager (Male) |
| 10:49 | Create | Villager (Male) |
| 10:58 | Age | Feudal Age |
| 11:00 | Create | Villager (Male) |
| 11:06 | Build | Market |
| 11:34 | Build | Blacksmith |
| 11:58 | Research | Double-Bit Axe |
| 12:12 | Research | Castle Age |
| 12:42 | Research | Horse Collar |
| 13:16 | Build | House |
| 14:35 | Create | Villager (Male) |
| 14:36 | Create | Villager (Male) |
| 14:57 | Age | Castle Age |
| 14:58 | Build | Town Center |
| 15:05 | Build | Town Center |
| 15:09 | Research | Bow Saw |
| 15:12 | Research | Heavy Plow |
| 15:23 | Create | Villager (Male) |
| 15:35 | Build | Town Center |
| 15:48 | Build | Farm |
| 15:55 | Build | House |
| 15:56 | Build | House |
| 16:04 | Create | Villager (Male) |
| 16:05 | Create | Villager (Male) |
| 16:09 | Create | Villager (Male) |
| 16:14 | Build | Farm |
| 16:22 | Build | Farm |
| 16:25 | Build | Farm |
| 16:27 | Create | Villager (Male) |
| 16:33 | Create | Villager (Male) |
| 16:35 | Create | Villager (Male) |
| 16:40 | Build | Farm |
| 16:42 | Build | Farm |
| 16:55 | Research | Town Watch |
| 16:59 | Build | House |
| 17:00 | Build | House |
| 17:05 | Build | Farm |
| 17:09 | Research | Loom |
| 17:15 | Create | Villager (Male) |
| 17:17 | Create | Villager (Male) |
| 17:19 | Create | Villager (Male) |
| 17:20 | Create | Villager (Male) |
| 17:20 | Create | Villager (Male) |
| 17:27 | Build | Farm |
| 17:29 | Build | Farm |
| 17:30 | Build | Farm |
| 17:35 | Build | Farm |
| 17:37 | Create | Villager (Male) |
| 17:37 | Create | Villager (Male) |
| 17:41 | Build | Farm |
| 17:46 | Build | Farm |
| 17:47 | Build | Farm |
| 17:53 | Create | Villager (Male) |
| 17:53 | Create | Villager (Male) |
| 17:57 | Build | House |
| 18:01 | Build | Farm |
| 18:07 | Build | Farm |
| 18:09 | Create | Villager (Male) |
| 18:10 | Create | Villager (Male) |
| 18:10 | Create | Villager (Male) |
| 18:10 | Create | Villager (Male) |
| 18:15 | Build | Farm |
| 18:19 | Build | House |
| 18:21 | Create | Villager (Male) |
| 18:22 | Create | Villager (Male) |
| 18:27 | Build | Farm |
| 18:28 | Build | Farm |
| 18:35 | Create | Villager (Male) |
| 18:35 | Create | Villager (Male) |
| 18:44 | Build | Farm |
| 18:47 | Build | House |
| 18:50 | Create | Villager (Male) ×2 |
| 18:50 | Create | Villager (Male) ×2 |
| 18:54 | Build | Farm |
| 18:59 | Build | Farm |
| 19:00 | Build | Farm |
| 19:03 | Build | Farm |
| 19:03 | Build | Farm |
| 19:06 | Build | Farm |
| 19:08 | Create | Villager (Male) ×2 |
| 19:09 | Create | Villager (Male) ×2 |
| 19:09 | Create | Villager (Male) |
| 19:14 | Build | House |
| 19:28 | Create | Villager (Male) ×2 |
| 19:28 | Create | Villager (Male) ×2 |
| 19:34 | Build | Farm |
| 19:35 | Build | Farm |
| 19:39 | Build | Farm |
| 19:43 | Create | Villager (Male) ×3 |
| 19:43 | Create | Villager (Male) ×3 |
| 19:43 | Create | Villager (Male) ×3 |
| 19:46 | Build | House |
| 19:50 | Create | Villager (Male) |
| 19:51 | Create | Villager (Male) |
| 20:03 | Build | Farm |
| 20:04 | Build | Farm |
| 20:06 | Build | Farm |
| 20:12 | Create | Villager (Male) ×4 |
| 20:12 | Create | Villager (Male) ×4 |
| 20:23 | Research | Wheelbarrow |
| 20:23 | Research | Wheelbarrow |
| 20:28 | Build | House |
| 20:28 | Build | House |
| 20:45 | Build | Farm |
| 20:48 | Build | Farm |
| 20:50 | Create | Villager (Male) ×5 |
| 20:50 | Create | Villager (Male) ×5 |
| 20:56 | Build | Farm |
| 20:57 | Build | Farm |
| 21:05 | Build | Farm |
| 21:06 | Build | Farm |
| 21:08 | Build | Farm |
| 21:14 | Create | Villager (Male) ×5 |
| 21:14 | Create | Villager (Male) ×5 |
Build order — Egbert
First 150 of 390 actions detected
| 0:00 | Create | Villager (Male) |
| 0:01 | Create | Villager (Male) |
| 0:05 | Build | House |
| 0:06 | Build | House |
| 0:12 | Create | Villager (Male) |
| 0:17 | Create | Villager (Male) |
| 1:09 | Create | Villager (Male) |
| 1:29 | Build | Mule Cart |
| 1:31 | Create | Villager (Male) |
| 2:02 | Create | Villager (Male) |
| 2:02 | Create | Villager (Male) |
| 2:32 | Create | Villager (Male) |
| 2:53 | Create | Villager (Male) |
| 3:07 | Create | Villager (Male) |
| 3:34 | Create | Villager (Male) |
| 3:50 | Build | House |
| 4:03 | Create | Villager (Male) |
| 4:16 | Build | Mule Cart |
| 4:22 | Create | Villager (Male) |
| 4:50 | Create | Villager (Male) |
| 5:00 | Create | Villager (Male) |
| 5:09 | Create | Villager (Male) |
| 5:29 | Build | House |
| 5:35 | Create | Villager (Male) |
| 5:51 | Create | Villager (Male) |
| 6:07 | Create | Villager (Male) |
| 6:37 | Create | Villager (Male) |
| 6:59 | Create | Villager (Male) |
| 7:04 | Build | Mill |
| 7:32 | Create | Villager (Male) |
| 7:32 | Research | Feudal Age |
| 7:56 | Build | Farm |
| 9:38 | Create | Villager (Male) |
| 9:38 | Create | Villager (Male) |
| 10:08 | Age | Feudal Age |
| 10:11 | Build | Market |
| 10:14 | Build | Blacksmith |
| 10:18 | Build | Blacksmith |
| 10:24 | Build | Blacksmith |
| 10:39 | Build | House |
| 10:42 | Build | Farm |
| 11:05 | Research | Castle Age |
| 11:06 | Research | Castle Age |
| 11:16 | Build | House |
| 11:55 | Build | House |
| 11:59 | Research | Double-Bit Axe |
| 12:00 | Research | Double-Bit Axe |
| 13:14 | Build | Farm |
| 13:24 | Create | Villager (Male) |
| 13:45 | Age | Castle Age |
| 13:47 | Build | Monastery |
| 13:54 | Build | Monastery |
| 13:57 | Create | Villager (Male) |
| 13:59 | Research | Horse Collar |
| 14:00 | Create | Villager (Male) |
| 14:13 | Build | House |
| 14:33 | Create | Warrior Priest |
| 14:37 | Create | Warrior Priest |
| 14:41 | Create | Villager (Male) |
| 14:50 | Build | Siege Workshop |
| 14:51 | Create | Villager (Male) |
| 14:59 | Build | House |
| 15:00 | Create | Warrior Priest |
| 15:01 | Create | Warrior Priest |
| 15:19 | Research | Scale Mail Armor |
| 15:19 | Research | Scale Mail Armor |
| 15:26 | Build | Farm |
| 15:28 | Build | Farm |
| 15:31 | Build | Farm |
| 15:37 | Build | House |
| 15:41 | Build | Farm |
| 15:41 | Create | Villager (Male) |
| 15:44 | Create | Warrior Priest |
| 15:58 | Create | Warrior Priest |
| 16:23 | Create | Villager (Male) |
| 16:26 | Build | Farm |
| 16:26 | Build | Farm |
| 16:26 | Build | Farm |
| 16:27 | Build | Farm |
| 16:40 | Create | Villager (Male) |
| 16:58 | Create | Warrior Priest |
| 17:30 | Create | Warrior Priest |
| 18:12 | Create | Villager (Male) |
| 18:13 | Create | Villager (Male) |
| 18:13 | Create | Villager (Male) |
| 18:32 | Create | Villager (Male) |
| 18:35 | Create | Unit 1105 |
| 18:39 | Create | Warrior Priest |
| 18:39 | Create | Warrior Priest |
| 18:44 | Build | Farm |
| 18:44 | Build | Farm |
| 18:44 | Build | Farm |
| 18:45 | Build | Farm |
| 18:45 | Build | Farm |
| 18:45 | Build | Farm |
| 18:46 | Build | Farm |
| 18:46 | Build | Farm |
| 19:08 | Research | Forging |
| 19:08 | Research | Forging |
| 19:36 | Create | Battering Ram |
| 19:38 | Create | Villager (Male) |
| 19:41 | Build | Farm |
| 19:45 | Create | Villager (Male) |
| 20:02 | Create | Warrior Priest |
| 20:02 | Create | Warrior Priest |
| 20:04 | Create | Villager (Male) |
| 20:09 | Build | Monastery |
| 20:33 | Create | Warrior Priest |
| 20:41 | Research | Chain Mail Armor |
| 20:42 | Research | Chain Mail Armor |
| 20:47 | Build | Barracks |
| 20:54 | Create | Villager (Male) |
| 21:02 | Build | House |
| 21:02 | Build | House |
| 21:02 | Build | House |
| 21:03 | Build | House |
| 21:03 | Build | House |
| 21:04 | Build | House |
| 21:04 | Build | House |
| 21:04 | Build | House |
| 21:05 | Build | House |
| 21:11 | Create | Villager (Male) |
| 21:14 | Research | Wheelbarrow |
| 21:54 | Create | Villager (Male) |
| 21:56 | Create | Battering Ram |
| 21:59 | Create | Warrior Priest ×5 |
| 22:06 | Build | Monastery |
| 22:20 | Create | Villager (Male) |
| 22:26 | Create | Warrior Priest |
| 22:26 | Create | Warrior Priest |
| 22:39 | Create | Villager (Male) |
| 22:39 | Create | Villager (Male) |
| 22:49 | Build | Farm |
| 23:35 | Research | Iron Casting |
| 23:39 | Research | Arson |
| 24:02 | Create | Warrior Priest |
| 24:02 | Create | Warrior Priest |
| 24:02 | Create | Warrior Priest |
| 24:13 | Create | Villager (Male) |
| 24:15 | Build | Farm |
| 24:15 | Build | Farm |
| 24:43 | Build | Siege Workshop |
| 25:08 | Create | Battering Ram |
| 25:12 | Create | Warrior Priest |
| 25:13 | Create | Warrior Priest |
| 25:13 | Create | Warrior Priest |
| 25:27 | Create | Battering Ram |
| 25:35 | Build | Siege Workshop |
| 25:44 | Create | Villager (Male) |
| 25:45 | Create | Villager (Male) |
Build order — 差不多先生
First 150 of 479 actions detected
| 0:06 | Research | Loom |
| 0:06 | Research | Loom |
| 0:12 | Create | Villager (Male) |
| 0:13 | Create | Villager (Male) |
| 0:15 | Build | House |
| 0:17 | Build | House |
| 0:18 | Create | Villager (Male) |
| 0:18 | Create | Villager (Male) |
| 1:44 | Create | Villager (Male) |
| 1:45 | Create | Villager (Male) |
| 2:09 | Create | Villager (Male) |
| 2:19 | Build | Lumber Camp |
| 2:48 | Create | Villager (Male) |
| 2:48 | Create | Villager (Male) |
| 3:11 | Create | Villager (Male) |
| 3:11 | Create | Villager (Male) |
| 3:29 | Create | Villager (Male) |
| 3:29 | Create | Villager (Male) |
| 3:50 | Build | House |
| 3:51 | Build | House |
| 3:53 | Create | Villager (Male) |
| 3:53 | Create | Villager (Male) |
| 4:29 | Create | Villager (Male) |
| 4:29 | Create | Villager (Male) |
| 5:04 | Build | Mill |
| 5:26 | Build | Palisade Wall |
| 5:30 | Create | Villager (Male) |
| 5:31 | Create | Villager (Male) |
| 5:31 | Create | Villager (Male) |
| 6:11 | Build | Palisade Gate |
| 6:20 | Build | Palisade Gate |
| 6:27 | Build | Palisade Wall |
| 6:27 | Build | Palisade Wall |
| 6:29 | Create | Villager (Male) |
| 6:30 | Create | Villager (Male) |
| 6:30 | Create | Villager (Male) |
| 6:30 | Create | Villager (Male) |
| 6:31 | Create | Villager (Male) |
| 6:43 | Build | Palisade Gate |
| 7:04 | Create | Villager (Male) |
| 7:04 | Create | Villager (Male) |
| 7:05 | Create | Villager (Male) |
| 7:25 | Create | Villager (Male) |
| 7:26 | Create | Villager (Male) |
| 7:26 | Create | Villager (Male) |
| 7:55 | Create | Villager (Male) |
| 7:55 | Create | Villager (Male) |
| 7:56 | Create | Villager (Male) |
| 8:22 | Create | Villager (Male) |
| 8:22 | Create | Villager (Male) |
| 8:22 | Create | Villager (Male) |
| 8:28 | Create | Villager (Male) |
| 8:28 | Create | Villager (Male) |
| 8:44 | Create | Villager (Male) |
| 8:48 | Research | Feudal Age |
| 9:18 | Create | Villager (Male) |
| 9:19 | Create | Villager (Male) |
| 9:31 | Build | Mining Camp |
| 11:10 | Age | Feudal Age |
| 11:17 | Build | Market |
| 11:20 | Build | Blacksmith |
| 12:06 | Create | Villager (Male) |
| 12:57 | Build | Lumber Camp |
| 13:03 | Research | Castle Age |
| 13:35 | Research | Double-Bit Axe |
| 15:26 | Build | Barracks |
| 15:32 | Build | Farm |
| 15:33 | Build | Farm |
| 15:34 | Build | Farm |
| 15:35 | Build | Farm |
| 15:37 | Build | Farm |
| 15:43 | Age | Castle Age |
| 15:45 | Create | Villager (Male) |
| 15:46 | Create | Villager (Male) |
| 15:58 | Research | Wheelbarrow |
| 16:15 | Build | House |
| 16:18 | Build | Monastery |
| 16:29 | Build | Stable |
| 16:35 | Build | House |
| 16:36 | Build | House |
| 16:38 | Create | Villager (Male) |
| 16:38 | Create | Villager (Male) |
| 16:51 | Research | Gold Mining |
| 17:15 | Build | House |
| 17:17 | Create | Monk |
| 17:29 | Build | Farm |
| 17:29 | Build | Farm |
| 17:29 | Build | Farm |
| 17:30 | Build | Farm |
| 17:30 | Build | Farm |
| 17:30 | Build | Farm |
| 17:30 | Build | Farm |
| 17:36 | Create | Villager (Male) |
| 18:05 | Build | House |
| 18:32 | Build | House |
| 18:40 | Research | Bow Saw |
| 19:01 | Create | Knight |
| 19:01 | Create | Knight |
| 19:06 | Build | House |
| 19:08 | Build | House |
| 19:09 | Build | House |
| 19:10 | Build | House |
| 19:32 | Build | Farm |
| 19:49 | Build | Stable |
| 19:50 | Create | Villager (Male) |
| 19:50 | Create | Villager (Male) |
| 19:53 | Create | Knight |
| 19:53 | Create | Knight |
| 19:53 | Create | Knight |
| 20:05 | Build | Farm |
| 20:08 | Build | Farm |
| 20:23 | Create | Villager (Male) |
| 20:47 | Research | Husbandry |
| 21:14 | Create | Villager (Male) |
| 21:14 | Create | Villager (Male) |
| 21:28 | Create | Villager (Male) |
| 21:30 | Create | Knight |
| 21:30 | Create | Knight |
| 21:36 | Build | Farm |
| 21:39 | Build | Farm |
| 22:00 | Build | Farm |
| 22:12 | Build | Town Center |
| 22:24 | Create | Knight |
| 22:24 | Create | Knight |
| 22:24 | Create | Knight |
| 22:24 | Create | Knight |
| 22:27 | Create | Villager (Male) |
| 22:28 | Create | Villager (Male) |
| 22:34 | Build | Mill |
| 22:35 | Build | Farm |
| 22:35 | Build | Farm |
| 22:35 | Build | Farm |
| 22:36 | Build | Farm |
| 22:36 | Build | Farm |
| 22:36 | Build | Farm |
| 22:36 | Build | Farm |
| 22:36 | Build | Farm |
| 22:51 | Create | Villager (Male) |
| 22:51 | Create | Villager (Male) |
| 23:31 | Create | Villager (Male) |
| 23:31 | Create | Villager (Male) |
| 23:31 | Create | Villager (Male) |
| 23:31 | Create | Villager (Male) |
| 23:33 | Create | Knight |
| 23:33 | Create | Knight |
| 23:33 | Create | Knight |
| 23:57 | Create | Villager (Male) |
| 24:17 | Research | Scale Barding Armor |
| 24:40 | Create | Villager (Male) |
| 24:41 | Create | Villager (Male) |
Build order — VIT | Hera
First 150 of 480 actions detected
| 0:00 | Create | Villager (Male) |
| 0:01 | Create | Villager (Male) |
| 0:01 | Create | Villager (Male) |
| 0:05 | Build | House |
| 0:06 | Build | House |
| 0:07 | Create | Villager (Male) |
| 1:29 | Create | Villager (Male) |
| 1:30 | Create | Villager (Male) |
| 1:53 | Build | Lumber Camp |
| 1:55 | Create | Villager (Male) |
| 1:55 | Create | Villager (Male) |
| 2:26 | Create | Villager (Male) |
| 2:46 | Create | Villager (Male) |
| 2:46 | Create | Villager (Male) |
| 3:16 | Create | Villager (Male) |
| 3:16 | Create | Villager (Male) |
| 3:35 | Create | Villager (Male) |
| 3:35 | Create | Villager (Male) |
| 3:54 | Build | House |
| 4:11 | Create | Villager (Male) |
| 4:11 | Create | Villager (Male) |
| 4:16 | Create | Villager (Male) |
| 4:17 | Create | Villager (Male) |
| 4:48 | Create | Villager (Male) |
| 4:48 | Create | Villager (Male) |
| 4:48 | Create | Villager (Male) |
| 5:15 | Create | Villager (Male) |
| 5:15 | Create | Villager (Male) |
| 5:40 | Build | House |
| 5:57 | Create | Villager (Male) |
| 5:57 | Create | Villager (Male) |
| 5:58 | Create | Villager (Male) |
| 6:13 | Build | House |
| 6:28 | Build | Mill |
| 7:03 | Create | Villager (Male) |
| 7:03 | Create | Villager (Male) |
| 7:04 | Create | Villager (Male) |
| 7:50 | Build | Mill |
| 8:19 | Create | Villager (Male) |
| 8:25 | Build | Farm |
| 8:42 | Create | Villager (Male) |
| 8:55 | Build | Mining Camp |
| 9:11 | Research | Feudal Age |
| 9:11 | Research | Feudal Age |
| 9:13 | Build | Farm |
| 10:10 | Build | Farm |
| 10:34 | Build | Farm |
| 11:19 | Create | Villager (Male) |
| 11:19 | Create | Villager (Male) |
| 11:19 | Create | Villager (Male) |
| 11:24 | Age | Feudal Age |
| 11:26 | Build | Market |
| 11:29 | Build | Blacksmith |
| 11:34 | Research | Double-Bit Axe |
| 11:34 | Research | Double-Bit Axe |
| 11:41 | Build | Farm |
| 11:42 | Create | Villager (Male) |
| 12:19 | Research | Castle Age |
| 12:19 | Research | Castle Age |
| 13:19 | Build | House |
| 13:20 | Build | House |
| 13:21 | Build | House |
| 13:22 | Build | House |
| 13:49 | Research | Horse Collar |
| 13:49 | Research | Horse Collar |
| 14:59 | Age | Castle Age |
| 15:02 | Create | Villager (Male) |
| 15:07 | Build | Town Center |
| 15:11 | Research | Bow Saw |
| 15:11 | Research | Bow Saw |
| 15:21 | Build | Town Center |
| 15:24 | Create | Villager (Male) |
| 15:27 | Research | Heavy Plow |
| 15:28 | Research | Heavy Plow |
| 15:36 | Build | Farm |
| 15:37 | Build | Farm |
| 15:55 | Create | Villager (Male) |
| 16:05 | Build | Farm |
| 16:18 | Create | Villager (Male) |
| 16:23 | Create | Villager (Male) |
| 16:23 | Create | Villager (Male) |
| 16:23 | Create | Villager (Male) |
| 16:23 | Create | Villager (Male) |
| 16:24 | Build | Farm |
| 16:38 | Build | Farm |
| 16:45 | Create | Villager (Male) |
| 16:45 | Create | Villager (Male) |
| 16:48 | Build | Farm |
| 16:51 | Build | Farm |
| 16:56 | Create | Villager (Male) |
| 17:05 | Create | Villager (Male) |
| 17:15 | Create | Villager (Male) |
| 17:16 | Build | Farm |
| 17:19 | Build | Farm |
| 17:22 | Build | Farm |
| 17:25 | Build | Farm |
| 17:34 | Create | Villager (Male) |
| 17:35 | Build | Farm |
| 17:38 | Create | Villager (Male) |
| 17:47 | Build | Farm |
| 17:49 | Build | Farm |
| 17:53 | Create | Villager (Male) |
| 17:53 | Create | Villager (Male) |
| 18:02 | Create | Villager (Male) |
| 18:03 | Create | Villager (Male) |
| 18:03 | Build | Farm |
| 18:08 | Build | Farm |
| 18:10 | Build | Farm |
| 18:13 | Create | Villager (Male) |
| 18:13 | Create | Villager (Male) |
| 18:17 | Create | Villager (Male) |
| 18:17 | Create | Villager (Male) |
| 18:27 | Create | Villager (Male) |
| 18:27 | Create | Villager (Male) |
| 18:36 | Create | Villager (Male) |
| 18:36 | Create | Villager (Male) |
| 18:39 | Build | Town Center |
| 18:43 | Build | Town Center |
| 18:45 | Create | Villager (Male) |
| 18:46 | Create | Villager (Male) |
| 18:48 | Build | Farm |
| 18:54 | Create | Villager (Male) |
| 18:54 | Create | Villager (Male) |
| 19:01 | Build | Farm |
| 19:02 | Build | Farm |
| 19:05 | Create | Villager (Male) |
| 19:05 | Create | Villager (Male) |
| 19:05 | Create | Villager (Male) |
| 19:18 | Build | Farm |
| 19:20 | Build | Farm |
| 19:21 | Create | Villager (Male) |
| 19:23 | Build | Farm |
| 19:23 | Build | Farm |
| 19:32 | Create | Villager (Male) |
| 19:36 | Create | Villager (Male) ×2 |
| 19:39 | Build | Farm |
| 19:41 | Build | Farm |
| 19:53 | Build | Farm |
| 19:56 | Create | Villager (Male) |
| 20:04 | Create | Villager (Male) |
| 20:06 | Build | House |
| 20:06 | Build | House |
| 20:07 | Build | House |
| 20:08 | Create | Villager (Male) |
| 20:08 | Create | Villager (Male) ×3 |
| 20:15 | Create | Villager (Male) |
| 20:17 | Build | Farm |
| 20:18 | Build | Farm |
| 20:23 | Create | Villager (Male) |
| 20:31 | Build | Farm |
Match timeline
| 5:26 | 差不多先生 · wall_segment Palisade Wall x1 |
| 6:27 | 差不多先生 · wall_segment Palisade Wall x1 |
| 6:27 | 差不多先生 · wall_segment Palisade Wall x1 |
| 10:08 | Egbert · age_up feudal |
| 10:57 | Shisui · age_up feudal |
| 10:58 | Vpnenjoyer · age_up feudal |
| 11:05 | Egbert · first_market_sell 100 stone |
| 11:10 | 差不多先生 · age_up feudal |
| 11:24 | VIT | Hera · age_up feudal |
| 11:26 | lsh2911 · age_up feudal |
| 11:43 | FAILEDFEMBOY · age_up feudal |
| 11:47 | noloomregret · age_up feudal |
| 11:57 | Shisui · first_market_sell 100 wood |
| 13:45 | Egbert · age_up castle |
| 13:47 | Egbert · first_building Monastery |
| 14:50 | Egbert · first_building Siege Workshop |
| 14:52 | noloomregret · age_up castle |
| 14:57 | Vpnenjoyer · age_up castle |
| 14:59 | VIT | Hera · age_up castle |
| 15:07 | Shisui · age_up castle |
| 15:26 | 差不多先生 · first_building Barracks |
| 15:31 | Vpnenjoyer · first_market_buy 100 stone |
| 15:43 | 差不多先生 · age_up castle |
| 15:53 | lsh2911 · age_up castle |
| 16:15 | lsh2911 · first_building Castle |
| 16:18 | 差不多先生 · first_building Monastery |
| 16:25 | FAILEDFEMBOY · age_up castle |
| 16:29 | 差不多先生 · first_building Stable |
| 18:12 | VIT | Hera · first_market_buy 100 stone |
| 19:07 | Egbert · first_market_buy 100 food |
| 20:47 | Egbert · first_building Barracks |
| 21:48 | Vpnenjoyer · wall_segment Palisade Wall x1 |
| 22:01 | Vpnenjoyer · wall_segment Palisade Wall x1 |
| 22:12 | Vpnenjoyer · wall_segment Palisade Wall x1 |
| 22:26 | Vpnenjoyer · wall_segment Palisade Wall x1 |
| 22:27 | Vpnenjoyer · wall_segment Palisade Wall x1 |
| 22:29 | Vpnenjoyer · wall_segment Palisade Wall x1 |
| 22:57 | FAILEDFEMBOY · first_building Barracks |
| 22:58 | VIT | Hera · first_building Monastery |
| 23:02 | Vpnenjoyer · first_building Monastery |
| 23:16 | Vpnenjoyer · first_market_sell 100 food |
| 23:22 | FAILEDFEMBOY · wall_segment Stone Wall x4 |
| 23:28 | Vpnenjoyer · first_building Castle |
| 23:40 | VIT | Hera · first_market_sell 100 food |
| 24:05 | noloomregret · first_building Castle |
| 24:06 | Vpnenjoyer · wall_segment Palisade Wall x1 |
| 24:19 | Shisui · first_building Castle |
| 26:12 | 差不多先生 · first_building Siege Workshop |
| 27:13 | Vpnenjoyer · first_building Siege Workshop |
| 27:32 | noloomregret · first_building Barracks |
| 27:40 | Shisui · first_building Barracks |
| 27:45 | lsh2911 · first_building Siege Workshop |
| 28:25 | FAILEDFEMBOY · first_building Castle |
| 28:28 | 差不多先生 · first_market_sell 100 wood |
| 28:47 | FAILEDFEMBOY · wall_segment Stone Wall x22 |
| 29:27 | Vpnenjoyer · age_up imperial |
| 30:20 | FAILEDFEMBOY · first_building Stable |
| 30:32 | Shisui · age_up imperial |
| 30:51 | 差不多先生 · first_building Castle |
| 31:13 | VIT | Hera · first_building Barracks |
| 31:45 | Shisui · first_building Donjon |
| 32:35 | VIT | Hera · first_building Archery Range |
| 32:44 | Egbert · first_building Castle |
| 33:06 | Egbert · first_building Archery Range |
| 33:16 | VIT | Hera · first_building Siege Workshop |
| 34:13 | VIT | Hera · age_up imperial |
| 34:16 | lsh2911 · age_up imperial |
| 34:16 | FAILEDFEMBOY · first_market_sell 100 food |
| 34:18 | lsh2911 · first_building Barracks |
| 34:25 | noloomregret · first_building Stable |
| 34:35 | lsh2911 · first_market_sell 100 food |
| 34:37 | Egbert · age_up imperial |
| 36:20 | noloomregret · age_up imperial |
| 36:33 | FAILEDFEMBOY · tribute_sent a jugador 1 |
| 36:33 | FAILEDFEMBOY · tribute_sent a jugador 3 |
| 36:33 | FAILEDFEMBOY · tribute_sent a jugador 4 |
| 36:33 | FAILEDFEMBOY · tribute_sent a jugador 5 |
| 36:33 | FAILEDFEMBOY · tribute_sent a jugador 6 |
| 36:33 | FAILEDFEMBOY · tribute_sent a jugador 7 |
| 36:33 | FAILEDFEMBOY · tribute_sent a jugador 8 |
| 37:42 | FAILEDFEMBOY · age_up imperial |
| 38:59 | FAILEDFEMBOY · first_building Archery Range |
| 39:25 | 差不多先生 · age_up imperial |
| 40:12 | Shisui · first_market_buy 100 stone |
| 40:37 | noloomregret · first_market_buy 100 stone |
| 41:21 | Shisui · tribute_sent a jugador 1 |
| 41:21 | Shisui · tribute_sent a jugador 2 |
| 41:21 | Shisui · tribute_sent a jugador 4 |
| 41:21 | Shisui · tribute_sent a jugador 5 |
| 41:21 | Shisui · tribute_sent a jugador 6 |
| 41:21 | Shisui · tribute_sent a jugador 7 |
| 41:21 | Shisui · tribute_sent a jugador 8 |
| 41:42 | VIT | Hera · tribute_sent a jugador 1 |
| 41:42 | VIT | Hera · tribute_sent a jugador 2 |
| 41:42 | VIT | Hera · tribute_sent a jugador 3 |
| 41:42 | VIT | Hera · tribute_sent a jugador 4 |
| 41:42 | VIT | Hera · tribute_sent a jugador 5 |
| 41:42 | VIT | Hera · tribute_sent a jugador 6 |
| 41:42 | VIT | Hera · tribute_sent a jugador 7 |
| 41:46 | FAILEDFEMBOY · tribute_sent a jugador 1 |
| 41:46 | FAILEDFEMBOY · tribute_sent a jugador 3 |
| 41:46 | FAILEDFEMBOY · tribute_sent a jugador 4 |
| 41:46 | FAILEDFEMBOY · tribute_sent a jugador 5 |
| 41:46 | FAILEDFEMBOY · tribute_sent a jugador 6 |
| 41:46 | FAILEDFEMBOY · tribute_sent a jugador 7 |
| 41:46 | FAILEDFEMBOY · tribute_sent a jugador 8 |
| 41:49 | noloomregret · tribute_sent a jugador 1 |
| 41:49 | noloomregret · tribute_sent a jugador 2 |
| 41:49 | noloomregret · tribute_sent a jugador 3 |
| 41:49 | noloomregret · tribute_sent a jugador 4 |
| 41:49 | noloomregret · tribute_sent a jugador 5 |
| 41:49 | noloomregret · tribute_sent a jugador 7 |
| 41:49 | noloomregret · tribute_sent a jugador 8 |
| 41:55 | VIT | Hera · tribute_sent a jugador 1 |
| 41:55 | VIT | Hera · tribute_sent a jugador 2 |
| 41:55 | VIT | Hera · tribute_sent a jugador 3 |
| 41:55 | VIT | Hera · tribute_sent a jugador 4 |
| 41:55 | VIT | Hera · tribute_sent a jugador 5 |
| 41:55 | VIT | Hera · tribute_sent a jugador 6 |
| 41:55 | VIT | Hera · tribute_sent a jugador 7 |
| 42:31 | Shisui · tribute_sent a jugador 1 |
| 42:31 | Shisui · tribute_sent a jugador 2 |
| 42:31 | Shisui · tribute_sent a jugador 4 |
| 42:31 | Shisui · tribute_sent a jugador 5 |
| 42:31 | Shisui · tribute_sent a jugador 6 |
| 42:31 | Shisui · tribute_sent a jugador 7 |
| 42:31 | Shisui · tribute_sent a jugador 8 |
| 43:32 | noloomregret · first_market_sell 100 food |
| 44:45 | VIT | Hera · first_building Castle |
| 47:55 | Shisui · tribute_sent a jugador 1 |
| 47:55 | Shisui · tribute_sent a jugador 2 |
| 47:55 | Shisui · tribute_sent a jugador 4 |
| 47:55 | Shisui · tribute_sent a jugador 5 |
| 47:55 | Shisui · tribute_sent a jugador 6 |
| 47:55 | Shisui · tribute_sent a jugador 7 |
| 47:55 | Shisui · tribute_sent a jugador 8 |
| 49:06 | VIT | Hera · tribute_sent a jugador 1 |
| 49:06 | VIT | Hera · tribute_sent a jugador 2 |
| 49:06 | VIT | Hera · tribute_sent a jugador 3 |
| 49:06 | VIT | Hera · tribute_sent a jugador 4 |
| 49:06 | VIT | Hera · tribute_sent a jugador 5 |
| 49:06 | VIT | Hera · tribute_sent a jugador 6 |
| 49:06 | VIT | Hera · tribute_sent a jugador 7 |
| 49:35 | lsh2911 · resign |
| 50:59 | Vpnenjoyer · first_building Barracks |
[ AI ANALYSIS · 1 CREDIT ]
What really happened in this match?
Wolo.gg analyzes every decision: build order, eco, micro, common mistakes by bracket. Personalized analysis on WhatsApp or Discord in 30 seconds.
Civ guide
Khmer
Perfil
Jugador #3095505